 Dungeon Crawl Stone Soup version 0.28-a0-1199-gef9e1dbd39 (webtiles) character file.

Game seed: 12187854053024119317

27 Gargoyl the Skirmisher (level 3, -14/35 HPs)
             Began as a Gnoll Abyssal Knight on Dec 19, 2021.
             Was a Follower of Lugonu.
             Killed from afar by a guardian serpent (16 damage)
             ... with a bolt of poison
             ... on level 2 of the Abyss.
             The game lasted 00:00:54 (234 turns).

Gargoyl the Skirmisher (Gnoll Abyssal Knight)        Turns: 234, Time: 00:00:55

Health: -14/35     AC:  3    Str: 14    XL:     3   Next: 10%
Magic:  6/6        EV: 12    Int:  9    God:    Lugonu [*.....]
Gold:   0          SH:  0    Dex: 12    Spells: 3/3 levels left

rFire   . . .      SeeInvis .   c - +1 scimitar (distort)
rCold   . . .      Faith    .   (no shield)
rNeg    . . .      Spirit   .   b - +0 leather armour
rPois   .          Reflect  .   (no helmet)
rElec   .          Harm     .   (no cloak)
rCorr   .          Rampage  .   (no gloves)
Will    .....                   (no boots)
Stlth   +.........              (no amulet)
HPRegen 0.00/turn               (no ring)
MPRegen 0.10/turn               (no ring)

@: lethally poisoned (-14 -> -28), sick
A: fangs 1, strong nose, distributed training
a: Renounce Religion, Depart the Abyss


You were on level 2 of the Abyss.
You worshipped Lugonu.
Lugonu was aware of your devotion.
You visited 0 branches of the dungeon, and saw 0 of its levels.
You visited the Abyss 1 time.

Inventory:

Hand Weapons
 a - a +1 hand axe
 c - a +1 scimitar of distortion (weapon)
Armour
 b - a +0 leather armour (worn)
Wands
 d - a wand of flame (14)


   Skills:
 + Level 6.5 Fighting
 + Level 0.6 Short Blades
 + Level 0.6 Long Blades
 + Level 4.5 Axes
 + Level 0.6 Maces & Flails
 + Level 0.6 Polearms
 + Level 0.6 Staves
 + Level 0.6 Slings
 + Level 0.6 Bows
 + Level 0.6 Crossbows
 + Level 0.6 Throwing
 + Level 4.5 Armour
 + Level 2.5 Dodging
 + Level 0.6 Stealth
 + Level 0.6 Shields
 + Level 0.6 Unarmed Combat
 + Level 0.6 Spellcasting
 + Level 0.4 Conjurations
 + Level 0.4 Hexes
 + Level 0.4 Summonings
 + Level 0.4 Necromancy
 + Level 0.4 Translocations
 + Level 0.4 Transmutations
 + Level 0.4 Fire Magic
 + Level 0.4 Ice Magic
 + Level 0.4 Air Magic
 + Level 0.4 Earth Magic
 + Level 0.4 Poison Magic
 + Level 4.5 Invocations
 + Level 0.6 Evocations


You had 3 spell levels left.
You didn't know any spells.
Your spell library was empty.

Dungeon Overview and Level Annotations

Branches:
Dungeon (0/15)

Altars:


Innate Abilities, Weirdness & Mutations

You have very sharp teeth.
Your uncanny sense of smell can sniff out nearby items.
Your experience applies equally to all skills.


Message History

Unknown command.
You barely miss the iron imp.
The iron imp is severely wounded.
The iron imp completely misses you.
You hit the iron imp.
You kill the iron imp!
You have reached level 2!
You have reached level 3!
Your experience leads to an increase in your attributes!
Increase (S)trength, (I)ntelligence, or (D)exterity?
You feel stronger. x2
Unknown command.
Unknown command.
The substance of the Abyss twists violently, and a gateway leading out appears!
You are suddenly pulled into a different region of the Abyss!
You are suddenly pulled into a different region of the Abyss!
A large abomination comes into view.
A bone dragon comes into view.
Found a dagger.
An earth elemental comes into view.
The shining eye turns its gaze towards you.
An ancient zyme comes into view.
You feel yourself growing ill in the presence of the ancient zyme.
You feel ill.
A raiju comes into view.
The raiju barks!
A harpy skeleton comes into view.
You feel ill.
A guardian serpent comes into view.
The raiju bursts into living lightning!
The living lightning hits you!
* * * LOW HITPOINT WARNING * * *
The raiju blinks!
Unknown command.
Found a scroll labelled YHAOVA GOIS.
Unknown command.
The guardian serpent coils itself and waves its upper body at you.
The bolt of poison hits you!
You are lethally poisoned!
You die...

#. ..##.## # .# ....
.. ..#....#.. ... #...
...#.#..# . ?.### ...
#.... ..#
....#...##### ..G.#...
##.#.###..#.##..#..###
..............######
#.##..#D.x.....# ∆
#...@.#h...#...#
#......####..##x#
#.#....## #.#....#
#.#.#. .....###.. #.S.
# ....# . .# ..##
..#.###.. #.# ∆ ...#
..# .# .. # ..


You could see a bone dragon, an ancient zyme and a guardian serpent.

Vanquished Creatures
  An iron imp (Abyss:2)
1 creature vanquished.

Notes
Turn   | Place    | Note
-------+----------+-------------------------------------------
     0 | Abyss:1  | Gargoyl the Gnoll Abyssal Knight began the quest for the
                  | Orb.
     0 | Abyss:1  | Reached XP level 1. HP: 23/23 MP: 3/3
   111 | Abyss:2  | Noticed an iron imp
   121 | Abyss:2  | HP: 1/23 [iron imp (3)]
   124 | Abyss:2  | Killed an iron imp
   125 | Abyss:2  | Reached XP level 2. HP: 2/29 MP: 5/5
   125 | Abyss:2  | Reached XP level 3. HP: 2/35 MP: 6/6
   174 | Abyss:2  | Noticed a large abomination
   181 | Abyss:2  | Noticed a bone dragon
   196 | Abyss:2  | Noticed an earth elemental
   208 | Abyss:2  | Noticed a shining eye
   224 | Abyss:2  | Noticed an ancient zyme
   229 | Abyss:2  | Noticed a raiju
   230 | Abyss:2  | Noticed a harpy skeleton
   232 | Abyss:2  | Noticed a guardian serpent
   234 | Abyss:2  | Killed from afar by a guardian serpent

Illustrated notes

Levels and vault maps discovered:
Abyss:2:  base: Temple, eino_small_chamber_without_monster

Action                   || total
-------------------------++-------
Melee: Scimitar          ||     8
  Use: Scroll            ||     1
       Potion            ||     1
Armor: Leather armour    ||     1
Dodge: Dodged            ||     3

Table legend: (Time is in decaauts)
 A = Elapsed time spent in this place.
 B = Non-inter-level travel time spent in this place.
 C = Inter-level travel time spent in this place.
 D = Time resting spent in this place.
 E = Time spent auto-exploring this place.
 F = Levels seen in this place.
 G = Mean time per level.
                   A        B        C        D        E       F      G
               +--------+--------+--------+--------+--------+-----+--------+
         Total |    236 |    236 |      0 |     38 |     81 |   2 |  118.0 |
         Abyss |    236 |    236 |      0 |     38 |     81 |   2 |  118.0 |
               +--------+--------+--------+--------+--------+-----+--------+

Top non-repeatable levels by time:
 Abyss:2: 170 daAuts
 Abyss:1: 66 daAuts
